 Dungeon Crawl Stone Soup version 0.19-a0-1553-g64c24c3 (webtiles) character file.

3355 AlphabetPasta the Geomancer (level 10, -4/63 HPs)
             Began as a Human Earth Elementalist on Sept 14, 2016.
             Was a Believer of Vehumet.
             Killed from afar by Maurice (9 damage)
             ... with a wand of lightning
             ... on level 8 of the Dungeon.
             The game lasted 00:41:55 (9392 turns).

AlphabetPasta the Geomancer (HuEE)                  Turns: 9392, Time: 00:41:58

Health: -4/63      AC:  7    Str: 10    XL:     10   Next: 22%
Magic:  12/19      EV: 12    Int: 18    God:    Vehumet [**....]
Gold:   186        SH:  0    Dex: 13    Spells: 6 memorised, 6 levels left

rFire  . . .     SeeInvis .     b - 51 stones
rCold  + . .     Gourm    .     F - +2 robe {rC+}
rNeg   . . .     Faith    .     (no shield)
rPois  .         Spirit   .     n - +1 helmet
rElec  .         Dismiss  .     (no cloak)
rCorr  .         Reflect  .     (no gloves)
MR     .....     Harm     .     z - +0 pair of boots
Stlth  ++........               (no amulet)
                                (no ring)
                                (no ring)

@: no status effects
A: no striking features
a: Renounce Religion


You were on level 8 of the Dungeon.
You worshipped Vehumet.
Vehumet was pleased with you.
You were not hungry.

You visited 2 branches of the dungeon, and saw 9 of its levels.

You collected 186 gold pieces.

Inventory:

Hand Weapons
 a - a +5 dagger
 A - a +0 quarterstaff of flaming
Missiles
 b - 51 stones (in hand)
Armour
 c - a +0 robe
 n - a +1 helmet (worn)
 x - the cursed +0 robe of the Four Eyes {rPois Int+2 Slay+3, unknown}
   (You found it on level 5 of the Dungeon)

   It affects your intelligence (+2).
   It affects your accuracy and damage with ranged weapons and melee attacks
   (+3).
   It protects you from poison.
   It has a curse placed upon it.
 z - a +0 pair of boots (worn)
 F - a +2 robe of cold resistance (worn)
 J - the +1 helmet "Weciopoo" {rC++, unknown}
   (You found it on level 7 of the Dungeon)

   It greatly protects you from cold.
Jewellery
 r - an uncursed ring of wizardry {unknown}
Wands
 h - a wand of slowing (14/48)
 l - a wand of lightning (5/15)
 o - a wand of confusion (26/48)
 p - a wand of digging (6/24)
 y - a wand of enslavement (10/24)
 E - a wand of hasting (5/9)
 I - a wand of digging (15/24)
Scrolls
 q - a scroll of enchant armour
 u - a scroll of magic mapping
 B - a scroll of enchant weapon
 C - a scroll of teleportation
Potions
 j - 2 potions of curing
 k - 2 potions of berserk rage
 m - 2 potions of cure mutation
 s - a potion of cancellation {unknown}
 t - 3 potions of brilliance {unknown}
 v - a potion of resistance {unknown}
 w - a potion of flight {unknown}
Books
 e - a book of Geomancy

   Spells                             Type                      Level
   a - Sandblast                      Earth                        1
   b - Passwall                       Transmutation/Earth          2
   c - Stone Arrow                    Conjuration/Earth            3
   d - Petrify                        Transmutation/Earth          4
   e - Lee's Rapid Deconstruction     Earth                        5
 D - a book of Conjurations

   Spells                             Type                      Level
   a - Magic Dart                     Conjuration                  1
   b - Searing Ray                    Conjuration                  2
   c - Dazzling Spray                 Conjuration/Hexes            3
   d - Fulminant Prism                Conjuration/Hexes            4
   e - Iskenderun's Mystic Blast      Conjuration                  4
   f - Iskenderun's Battlesphere      Conjuration/Charms           5
Comestibles
 d - 7 bread rations
 f - 7 fruits
 g - 3 meat rations
 i - a chunk of flesh
 G - 2 beef jerkies
 H - 7 slices of pizza


   Skills:
 - Level 2.0 Dodging
 - Level 2.0 Stealth
 + Level 6.5 Spellcasting
 + Level 6.8 Conjurations
 - Level 1.0 Transmutations
 * Level 10.3 Earth Magic


You had 6 spell levels left.
You knew the following spells:

 Your Spells              Type           Power        Failure   Level  Hunger
a - Sandblast             Erth           #####.       1%          1    None
b - Passwall              Tmut/Erth      ####......   1%          2    None
c - Stone Arrow           Conj/Erth      #####.       1%          3    ##.....
d - Petrify               Tmut/Erth      ####....     14%         4    ####...
e - Lee's Rapid Deconstr  Erth           #####.....   6%          5    #####..
f - Magic Dart            Conj           ####         1%          1    None


Dungeon Overview and Level Annotations

Branches:
Dungeon (8/15)             Temple (1/1) D:4
   Lair: D:8-11

Altars:
Ashenzari
Cheibriados
Dithmenos
Elyvilon
Fedhas
Gozag
Hepliaklqana
Kikubaaqudgha
Makhleb
Nemelex Xobeh
Okawaru
Qazlal
Ru
Sif Muna
Trog
Uskayaw
Vehumet
Xom
Yredelemnul
Zin
The Shining One

Annotations:
D:8 Maurice


Message History

The bolt of lightning misses you.
A jackal comes into view.
You hear a zap.
A bolt of lightning appears from out of thin air!
The bolt of lightning hits the jackal.
The jackal dies!
The bolt of lightning hits you!
* * * LOW HITPOINT WARNING * * *
Found 22 stones.
You feel better. 2 wights come into view.
A wight is wielding a long sword of freezing.
A wight is wielding a falchion of freezing.
Something drops a short sword.
Something picks up a flail.
A wight comes into view. It is wielding an enchanted dagger.
You hear a zap.
A bolt of lightning appears from out of thin air!
The bolt of lightning hits you!
* * * LOW HITPOINT WARNING * * *
The bolt of lightning hits you!
You die...

,,* #.#.........,,,,,,,,,,,,,,,**
,,* #.##:.........,,,,,**,,,,,,*
,,* #....)........,*,,,**,,,,,,*
,,######.#######.#,******,,,,,,*
,..oo....Z...# #.#,# *,,,,,,*
,...o.#.#o.#.# #.#.# **,,,,,,**
,.###,#o#..#.###.#.# *,,,,,,,,,
,,,.,,#....#.....(.# *,,,,≈≈≈,,
,,.....##)######@######*,,,,,≈≈,,
,,......)..)............,,,,≈≈≈,,
,,.....###.#####.#######,,,,≈≈,,,
,,[...,* #.# #.# *,,,,,,,,,
,,...,,* #.#* #z# *,,,,,,,,,
**##*****#..***#.#* *,,,,,,,,,
*,,,...,,,.z.******,,,,,,,,,
*,,,....,,z..,,,,,,,,≈≈≈≈≈≈≈
******,,,....,,,..,*******≈***,,,


You could see 3 wights.

Vanquished Creatures
  Pikel (D:7)
  A hungry ghost (D:7)
  A human (D:7)
  4 hogs (D:7)
  An ice beast (D:6)
  2 orc warriors
  2 ogres
  A necrophage (D:7)
  3 centaurs
  2 giant frogs (D:6)
  4 killer bees (D:7)
  An electric eel (D:6)
  3 crimson imps
  A giant frog zombie (D:7)
  A wasp zombie (D:8)
  2 centaur zombies
  2 giant frog skeletons (D:6)
  2 orc priests
  A centaur skeleton (D:5)
  An iguana (D:7)
  Natasha (thrice) (D:2)
  6 orc wizards
  2 worker ants
  A howler monkey skeleton (D:4)
  3 gnolls (D:3)
  7 adders
  A shadow imp (D:5)
  An adder zombie (D:6)
  An adder skeleton (D:6)
  3 worms
  A dart slug (D:1)
  3 giant geckos
  19 orcs
  8 bats
  6 giant cockroaches
  10 goblins
  8 hobgoblins
  16 jackals
  6 kobolds
  4 quokkas
  A ball python (D:3)
  11 frilled lizards
  2 giant gecko zombies
  A jackal skeleton (D:4)
  A quokka zombie (D:5)
  7 rats
168 creatures vanquished.

Vanquished Creatures (others)
  2 slaves (D:7)
  A shadow imp (D:7)
  2 orcs (D:8)
  A jackal (D:8)
6 creatures vanquished.

Grand Total: 174 creatures vanquished

Notes
Turn   | Place    | Note
-------+----------+-------------------------------------------
     0 | D:1      | AlphabetPasta the Human Earth Elementalist began the quest for the Orb.
     0 | D:1      | Reached XP level 1. HP: 13/13 MP: 3/3
   169 | D:1      | Reached XP level 2. HP: 17/19 MP: 0/5
   173 | D:1      | Learned a level 2 spell: Passwall
   843 | D:1      | Reached XP level 3. HP: 24/24 MP: 4/6
   848 | D:1      | Learned a level 3 spell: Stone Arrow
  1639 | D:2      | Reached skill level 1 in Conjurations
  1680 | D:2      | Reached skill level 4 in Earth Magic
  1680 | D:2      | Reached XP level 4. HP: 30/30 MP: 3/7
  2043 | D:2      | Noticed Natasha
  2058 | D:2      | Killed Natasha
  2362 | D:2      | Noticed Natasha
  2375 | D:2      | Killed Natasha
  2375 | D:2      | Reached XP level 5. HP: 17/35 MP: 3/9
  2587 | D:2      | Noticed Natasha
  2596 | D:2      | Killed Natasha
  2902 | D:3      | Reached skill level 5 in Earth Magic
  2902 | D:3      | Reached XP level 6. HP: 41/41 MP: 4/10
  2954 | D:3      | Learned a level 4 spell: Petrify
  4117 | D:4      | Found a staircase to the Ecumenical Temple.
  4127 | Temple   | Entered the Ecumenical Temple
  4133 | Temple   | Became a worshipper of Vehumet
  4344 | D:4      | Noticed an ogre
  4352 | D:4      | HP: 2/41 [ogre/giant club (11)]
  4354 | D:4      | Killed an ogre
  4354 | D:4      | Reached XP level 7. HP: 14/46 MP: 5/12
  5121 | D:4      | Reached skill level 6 in Earth Magic
  5293 | D:5      | Entered Level 5 of the Dungeon
  5501 | D:5      | Learned a level 4 spell: Petrify
  5915 | D:5      | Got a brightly glowing robe
  6077 | D:6      | Found a blossoming altar of Fedhas.
  6107 | D:6      | Reached XP level 8. HP: 51/52 MP: 9/14
  6114 | D:6      | Learned a level 5 spell: Lee's Rapid Deconstruction
  6331 | D:6      | Reached * piety under Vehumet
  6331 | D:6      | Offered knowledge of Magic Dart by Vehumet.
  6460 | D:6      | Reached skill level 7 in Earth Magic
  7088 | D:6      | Learned a level 1 spell: Magic Dart
  7501 | D:6      | Reached skill level 5 in Spellcasting
  7501 | D:6      | Reached skill level 5 in Conjurations
  7501 | D:6      | Reached skill level 8 in Earth Magic
  7501 | D:6      | Reached XP level 9. HP: 57/57 MP: 3/16
  7590 | D:6      | Found a glowing silver altar of Zin.
  7590 | D:6      | Found a glowing golden altar of the Shining One.
  7808 | D:7      | Found a shattered altar of Ashenzari.
  8349 | D:7      | Noticed Pikel
  8360 | D:7      | Killed Pikel
  8360 | D:7      | Reached skill level 9 in Earth Magic
  8832 | D:7      | Reached XP level 10. HP: 50/63 MP: 6/19
  8991 | D:7      | Offered knowledge of Throw Flame by Vehumet.
  8994 | D:7      | Reached ** piety under Vehumet
  9086 | D:7      | Reached skill level 10 in Earth Magic
  9211 | D:7      | Got a fine helmet
  9259 | D:7      | Found a sacrificial altar of Ru.
  9351 | D:7      | Upgraded the game from 0.19-a0-1550-g31c0f62 to 0.19-a0-1553-g64c24c3
  9373 | D:8      | Noticed Maurice
  9389 | D:8      | HP: 3/63 [something/wand of lightning (14)]
  9392 | D:8      | Killed from afar by Maurice

Vault maps used:
D:1:      lemuel_arrival_room, serial_forest, infiniplex_forest_corner_2,
          infiniplex_forest_clump_double, infiniplex_forest_end_1,
          infiniplex_forest_lined_room_2, infiniplex_forest_end_3,
          infiniplex_forest_clump_medium, infiniplex_forest_end_2,
          infiniplex_forest_straight_2, infiniplex_forest_clump_small,
          grunt_decor_arrowhead
D:2:      uniq_natasha
D:4:      serial_curves, eino_curves_02, eino_curves_02, eino_curves_03,
          first_bread
D:5:      roderic_roman_lattice
D:6:      kennysheep_little_box, gammafunk_temple_overflow_wave,
          minmay_crystal_water, minmay_misc_feat_nine_boxes
D:7:      nicolae_ru_the_path_less_chosen, cheibrodos_ashenzari_chains,
          grunt_livestock, uniq_pikel
D:8:      lightli_bailey_entry_fortress, uniq_maurice, uniq_erica
Temple:   eino_temple_rhombus

Skill      XL: |  1  2  3  4  5  6  7  8  9 10 |
---------------+-------------------------------+-----
Conjurations   | 1 2 3 5 6 |  6.8
Earth Magic    | 4 5 6 8 9 10 | 10.3
Spellcasting   | 3 4 5 6 |  6.5
Dodging        | |  2.0
Stealth        | |  2.0
Transmutations | |  1.0

Action                   |  1- 3 |  4- 6 |  7- 9 | 10-12 || total
-------------------------+-------+-------+-------+-------++-------
Melee: Dagger            |    23 |    22 |    10 |       ||    55
 Cast: Sandblast         |    59 |   119 |   154 |    15 ||   347
       Stone Arrow       |       |       |    31 |     8 ||    39
       Magic Dart        |       |       |    17 |     2 ||    19
  Use: Scroll            |       |     7 |     9 |     1 ||    17
       Potion            |       |     1 |     3 |     2 ||     6
 Stab: Sleeping          |     4 |     3 |     4 |       ||    11
       Distracted        |     1 |       |       |       ||     1
  Eat: Chunk             |     3 |     8 |    10 |     1 ||    22
       Beef jerky        |       |     1 |       |       ||     1
       Royal jelly       |       |       |     1 |       ||     1
       Meat ration       |       |       |     1 |       ||     1
Armor: Robe              |    10 |     6 |    24 |     4 ||    44
Dodge: Dodged            |    28 |    56 |    72 |     8 ||   164
